 Dungeon Crawl Stone Soup version 0.21-a0-260-g9b2435e (webtiles) character file.

49 Kidiri the Skirmisher (level 3, -1/29 HPs)
             Began as a Demonspawn Abyssal Knight on Sept 7, 2017.
             Was a Follower of Lugonu.
             Killed from afar by a dart slug (3 damage)
             ... with a slug dart
             ... on level 2 of the Dungeon.
             The game lasted 00:01:59 (943 turns).

Kidiri the Skirmisher (Demonspawn Abyssal Knight)    Turns: 943, Time: 00:02:00

Health: -1/29      AC:  5    Str: 13    XL:     3   Next: 53%
Magic:  4/4        EV: 17    Int: 13    God:    Lugonu [*.....]
Gold:   64         SH:  0    Dex: 17    Spells: 2/2 levels left

rFire    + . .     SeeInvis .   a - +1 falchion
rCold    x . .     Gourm    .   (no shield)
rNeg     . . .     Faith    .   b - +0 leather armour
rPois    +         Spirit   .   (no helmet)
rElec    .         Reflect  .   (no cloak)
rCorr    .         Harm     .   (no gloves)
MR       .....                  (no boots)
Stlth    ++........             (no amulet)
HPRegen  0.09/turn              d - ring of fire
MPRegen  0.09/turn              h - ring of poison resistance

@: agile
A: molten scales 1
a: Depart the Abyss, Renounce Religion


You were on level 2 of the Dungeon.
You worshipped Lugonu.
Lugonu was aware of your devotion.
You were not hungry.

You visited 1 branch of the dungeon, and saw 2 of its levels.
You visited the Abyss 1 time.

You collected 64 gold pieces.

Inventory:

Hand Weapons
 a - a +1 falchion (weapon)
Missiles
 k - 46 stones (quivered)
 n - 2 tomahawks
Armour
 b - a +0 leather armour (worn)
Jewellery
 d - a ring of fire (left hand)
 h - a ring of poison resistance (right hand)
Scrolls
 e - a scroll of noise {unknown}
 g - a scroll of remove curse {unknown}
 m - a scroll of teleportation {unknown}
Comestibles
 c - 2 bread rations
 f - a royal jelly
 l - 5 chunks of flesh
 o - 2 fruits


   Skills:
 + Level 3.1 Fighting
 * Level 2.2 Long Blades
 + Level 0.3 Throwing
 * Level 2.3 Armour
 * Level 1.9 Dodging
 + Level 2.6 Invocations


You had 2 spell levels left.
You didn't know any spells.

Dungeon Overview and Level Annotations

Branches:
Dungeon (2/15)

Altars:


Innate Abilities, Weirdness & Mutations

You are partially covered in molten scales. (AC +2)


Message History

Your base attributes are Str 12, Int 13, Dex 12.
Increase (S)trength, (I)ntelligence, or (D)exterity?
You feel stronger.
Unknown command.
You hit the dart slug.
The dart slug is lightly wounded.
The dart slug launches a dart at you. The slug dart hits you!
* * * LOW HITPOINT WARNING * * *
You hit the dart slug.
The dart slug is moderately wounded.
The dart slug misses you.
You hit the dart slug.
The dart slug is moderately wounded.
Unknown command.
You hit the dart slug.
The dart slug is heavily wounded.
The dart slug launches a dart at you. The slug dart hits you!
You die...

#.##.##.#
#.##)...###
#.##.#..##..
#.##....##.#
#.###.#.##%#
#.......##..
#####.####.#
.## #.#
#.###.....
#.####.@w......
#.....h###.#.#.
####.........#
#<..###.###
###.... ###....
...# ..# ..#


You could see a dart slug and a jackal (wandering).

Vanquished Creatures
  Terence (D:2)
  An adder (D:2)
  A dart slug (D:1)
  2 leopard geckos
  3 goblins
  A hobgoblin (D:1)
  A bat (D:1)
  2 kobolds (D:1)
  A rat (D:1)
13 creatures vanquished.

Notes
Turn   | Place    | Note
-------+----------+-------------------------------------------
     0 | Abyss:1  | Kidiri the Demonspawn Abyssal Knight began the quest for the Orb.
     0 | Abyss:1  | Reached XP level 1. HP: 18/18 MP: 2/2
    20 | D:1      | Escaped the Abyss
   123 | D:1      | Reached skill level 1 in Dodging
   398 | D:1      | Gained mutation: You are partially covered in molten scales. (AC +2) [demonic ancestry]
   398 | D:1      | Reached XP level 2. HP: 10/24 MP: 3/3
   918 | D:2      | Noticed Terence
   939 | D:2      | Killed Terence
   939 | D:2      | Reached XP level 3. HP: 5/29 MP: 4/4
   943 | D:2      | Killed from afar by a dart slug

Vault maps used:
D:1:      moated_graveyard_arrival, minmay_misc_feat_rows
D:2:      okawaru_trees_1, uniq_natasha, uniq_terence

Skill      XL: |  1  2 |
---------------+-------+-----
Dodging        | 1 |  1.9
Armour         | 2 |  2.3
Long Blades    | 2 |  2.2
Fighting       | |  3.1
Throwing       | |  0.3
Invocations    | |  2.6

Action                   || total
-------------------------++-------
Melee: Falchion          ||    62
  Use: Potion            ||     2
Armor: Leather armour    ||    19
Dodge: Dodged            ||    28
       Rpst.: Falchion   ||     5

Table legend:
 A = Spawn XP
 B = Non-spawn XP
 C = Spawn XP percentage of total XP
 D = Spawn monster count
 E = Non-spawn monster count
 F = Spawn count percentage of total count
 G = Total turns spent on level
                    A         B        C        D         E        F      G
               +---------+---------+-------+---------+---------+-------+---------
         Total |       0 |      71 |   0.0 |       0 |      13 |   0.0 |   943
               +---------+---------+-------+---------+---------+-------+---------
           D:1 |       0 |      16 |   0.0 |       0 |       8 |   0.0 |   837
           D:2 |       0 |      55 |   0.0 |       0 |       5 |   0.0 |    86
               +---------+---------+-------+---------+---------+-------+---------
